Map: 아이스 앤 크롬 - 래더

Players

GunGFuBanDa

  • Race: Protoss Protoss
  • Spawn Location: 1:00

Solar - Winner!

  • Race: Zerg Zerg
  • Spawn Location: 7:00

Event: StayAtHomestory Cup #2

VOD

Have the link to the VOD?

Description

Time

  • Played on: June 11, 2020, 1:14 p.m.
  • Length: 6:12

All games in this series

Show
View Real Time Build Order
Export as new Build Order

GunGFuBanDa Protoss 

Build Orders: 1 Gate Expand, Oracle Opening, Phoenix Opening 

Get SALT Encoding   

  12  0:00  Probe  
  13  0:12  Probe  
  14  0:17  Pylon  
  14  0:24  Probe  
  15  0:32  Probe  
  15  0:39  Gateway  
  15  0:40  Probe  
  17  0:50  Assimilator  
  17  0:51  Probe  
  18  1:03  Probe  
  19  1:15  Probe  
  20  1:25  Nexus  
  20  1:35  Cybernetics Core  
  20  1:37  Probe  
  21  1:43  Assimilator  
  21  1:49  Probe  
  22  1:54  Pylon  
  22  2:01  Probe  
  22  2:02  Adept  
  23  2:11  Probe  
  26  2:19  Probe  
  26  2:22  Stargate  
  26  2:29  Probe  
  27  2:32  Adept  
  27  2:34  Warp Gate  
  27  2:36  Probe  
  30  2:41  Probe  
  32  2:44  Probe  
  33  2:53  Probe  
  33  2:54  Probe  
  35  3:00  Phoenix  
  35  3:05  Probe  
  35  3:06  Probe  
  39  3:14  Gateway  
  39  3:15  Gateway  
  39  3:18  Probe x2  
  41  3:21  Pylon  
  41  3:22  Oracle  
  44  3:30  Probe  
  44  3:33  Probe  
  46  3:39  Adept  
  46  3:40  Gateway  
  48  3:43  Twilight Council  
  48  3:45  Probe  
  48  3:47  Probe  
  50  3:52  Resonating Glaives  
  50  3:53  Pylon  
  50  3:55  Pylon  
  50  3:57  Probe  
  50  4:00  Probe  
  52  4:09  Probe  
  53  4:12  Probe  
  54  4:20  Nexus  
  54  4:27  Pylon  
  54  4:31  Adept x2  
  54  4:34  Probe  
  54  4:37  Pylon  
  59  4:40  Adept  
  59  4:43  Robotics Facility  
  61  4:53  Adept x2  
  61  4:54  Probe x2  
  61  4:57  Assimilator  
  67  5:00  Assimilator  
  63  5:08  Probe  
  63  5:09  Probe  
  64  5:14  Shield Battery  
  64  5:17  Adept x3  
  64  5:20  Probe  
  64  5:21  Probe  
  72  5:23  Immortal  
  72  5:31  Shield Battery  
  78  5:39  Shield Battery  
  76  5:49  Pylon  
  79  6:03  Sentry, Adept x2  
  73  6:09  Pylon  
Show
View Real Time Build Order
Export as new Build Order

Solar Zerg - Winner!

Build Orders: Hatch First 

Get SALT Encoding   

  12  0:02  Drone  
  13  0:13  Overlord  
  13  0:17  Drone  
  14  0:31  Drone x2  
  16  0:48  Hatchery  
  15  0:52  Drone  
  15  0:55  Drone  
  17  0:58  Drone  
  18  1:10  Extractor  
  17  1:14  Spawning Pool  
  17  1:17  Drone  
  17  1:20  Drone  
  18  1:28  Drone  
  19  1:39  Drone  
  20  1:50  Overlord  
  20  2:00  Queen  
  20  2:01  Queen, Zergling x4  
  26  2:11  Drone x2  
  28  2:17  Metabolic Boost  
  28  2:23  Drone  
  28  2:24  Drone  
  30  2:34  Hatchery  
  30  2:37  Drone  
  30  2:43  Queen  
  32  2:50  Overlord  
  32  2:51  Drone  
  32  2:54  Drone  
  32  2:56  Drone  
  32  2:58  Drone  
  36  3:07  Overlord  
  36  3:10  Drone x3  
  36  3:12  Drone  
  40  3:13  Drone  
  40  3:16  Drone  
  40  3:17  Drone  
  40  3:19  Drone  
  44  3:26  Queen  
  46  3:32  Spore Crawler  
  46  3:33  Overlord  
  45  3:38  Drone x2  
  47  3:46  Queen  
  47  3:47  Drone  
  50  3:49  Spore Crawler  
  50  3:53  Drone x2, Overlord  
  50  3:54  Overlord  
  51  3:55  Drone  
  51  3:59  Drone x2  
  51  4:00  Drone  
  51  4:01  Drone  
  56  4:11  Drone  
  56  4:13  Queen, Roach Warren  
  58  4:17  Extractor x2, Zergling x6  
  58  4:19  Zergling x2  
  58  4:21  Zergling x2  
  58  4:24  Overlord  
  60  4:26  Zergling x4  
  60  4:29  Overlord  
  62  4:32  Overlord  
  62  4:37  Overlord  
  62  4:55  Roach x9  
  62  4:56  Roach  
  80  5:04  Zergling x10  
  84  5:10  Zergling x2  
  84  5:13  Zergling x2  
  85  5:19  Ravager x3  
  88  5:22  Zergling x4  
  88  5:27  Zergling x2  
  88  5:28  Zergling x4, Ravager  
  93  5:32  Zergling x6  
  97  5:38  Zergling x4  
  97  5:42  Overlord  
  99  5:44  Zergling x10  
  99  5:45  Zergling x2  
  103  5:54  Ravager  
  103  5:55  Zergling x4  
Tags
 
Add a new tag
Caveats
  • Supply blocks, unpowered buildings, or Contaminate may cause inaccurate times.
  • Supply counts are checked every 10 seconds.